Map: Efflorescence LE

Players

Throwfordays

  • Race: Zerg Zerg
  • League: Silver
  • Spawn Location: 6:00

Cthulhu

  • Race: Terran Terran
  • Spawn Location: 9:00

ToastmasteR - Winner!

  • Race: Terran Terran
  • League: Bronze
  • Spawn Location: 12:00

BroodComdr - Winner!

  • Race: Zerg Zerg
  • Spawn Location: 3:00

VOD

Have the link to the VOD?

Description

Time

  • Played on: March 24, 2019, 8:47 p.m.
  • Length: 25:15
Show
View Real Time Build Order
Export as new Build Order

Throwfordays Zerg 

Build Orders: Hatch First 

Get SALT Encoding   

  12  0:01  Drone  
  13  0:08  Drone  
  14  0:35  Hatchery  
  13  0:39  Drone  
  14  0:46  Overlord  
  14  1:03  Spawning Pool  
  13  1:06  Drone  
  14  1:12  Drone  
  14  1:15  Drone  
  16  1:22  Extractor  
  16  1:23  Drone  
  16  1:34  Drone  
  17  1:51  Drone  
  18  1:54  Drone  
  18  1:57  Hatchery  
  18  2:04  Queen  
  20  2:08  Drone  
  20  2:11  Drone  
  20  2:15  Drone  
  23  2:19  Drone  
  24  2:24  Overlord  
  24  2:31  Drone  
  24  2:35  Drone x2  
  27  2:40  Overlord  
  27  2:46  Drone  
  27  2:50  Queen  
  30  2:55  Extractor, Drone  
  30  2:58  Drone  
  31  3:02  Metabolic Boost  
  31  3:05  Drone  
  32  3:10  Zergling x2  
  33  3:16  Queen  
  33  3:18  Zergling x2  
  36  3:21  Zergling x2  
  36  3:26  Zergling x2  
  38  3:32  Zergling x6  
  41  3:36  Drone  
  41  3:37  Drone x2  
  44  4:00  Overlord  
  44  4:01  Overlord  
  44  4:06  Hatchery  
  44  4:07  Baneling Nest, Drone  
  44  4:08  Drone  
  44  4:09  Overlord  
  44  4:14  Overlord  
  44  4:24  Drone x3  
  47  4:35  Drone x3  
  47  4:38  Extractor  
  49  4:40  Extractor  
  49  4:45  Roach Warren  
  47  4:46  Lair  
  47  4:48  Drone, Evolution Chamber  
  47  4:50  Drone  
  48  5:06  Zergling x6  
  45  5:10  Spine Crawler  
  45  5:12  Spine Crawler  
  43  5:14  Zergling x2  
  43  5:15  Zergling x10  
  49  5:25  Zerg Melee Weapons Level 1  
  48  5:59  Roach x6  
  48  6:02  Roach x2  
  48  6:03  Roach  
  66  6:05  Centrifical Hooks  
  66  6:08  Glial Reconstitution  
  66  6:15  Drone  
  66  6:17  Drone  
  66  6:18  Drone x3  
  71  6:33  Hatchery  
  70  6:57  Drone  
  70  6:58  Drone  
  70  6:59  Drone  
  73  7:03  Roach  
  73  7:06  Overlord x3  
  73  7:07  Overlord  
  75  7:10  Spore Crawler  
  74  7:19  Zerg Missile Weapons Level 1  
  74  7:22  Baneling x4  
  74  7:23  Baneling x7  
  74  7:24  Baneling x4  
  74  7:29  Drone  
  75  7:33  Drone  
  75  7:36  Drone x2  
  78  7:39  Roach  
  80  7:46  Drone  
  80  7:47  Queen  
  83  7:52  Roach x5  
  93  8:04  Infestation Pit  
  92  8:06  Hydralisk Den  
  90  8:43  Drone x3  
  75  9:40  Zergling x2  
  75  9:41  Zergling x8  
  75  9:42  Drone x3  
  61  9:47  Zergling x12  
  61  9:52  Zerg Missile Weapons Level 2  
  67  9:55  Grooved Spines  
  67  9:59  Drone  
  68  10:08  Baneling x4  
  68  10:09  Baneling x12  
  68  10:10  Baneling x6  
  68  10:15  Hydralisk  
  68  10:16  Hydralisk  
  68  10:17  Hydralisk x2  
  76  10:29  Hydralisk x5  
  86  10:48  Drone  
  86  10:49  Drone  
  88  10:52  Extractor  
  87  10:58  Extractor  
  86  11:16  Hydralisk x3  
  92  11:23  Hydralisk  
  92  11:24  Hydralisk x4  
  102  11:31  Hydralisk x2  
  102  11:32  Hydralisk x4  
  112  11:36  Muscular Augments  
  112  12:16  Drone  
  112  12:19  Overlord x4  
  112  12:21  Overlord x4  
  112  12:22  Overlord  
  113  12:38  Hatchery  
  112  12:45  Drone x3  
  115  12:52  Roach x2  
  115  12:53  Hydralisk x3  
  115  12:56  Hydralisk  
  115  12:57  Hydralisk x5  
  137  13:01  Drone  
  138  13:10  Spire  
  138  13:12  Spire  
  63  13:57  Pneumatized Carapace  
  63  13:58  Hydralisk x4  
  63  14:01  Hydralisk  
  63  14:02  Hydralisk x2  
  73  14:11  Queen  
  73  14:12  Drone x3  
  78  14:18  Zerg Ground Armor Level 1  
  78  14:19  Hive  
  78  14:22  Zerg Flyer Weapons Level 1  
  78  14:24  Zerg Flyer Armor Level 1  
  78  14:25  Corruptor x5  
  78  14:26  Corruptor  
  78  14:28  Corruptor  
  78  14:29  Corruptor x2  
  96  14:48  Zergling x6  
  96  14:51  Zergling x6  
  102  15:06  Zergling x4  
  104  15:09  Baneling x5  
  104  15:10  Baneling  
  104  15:11  Baneling  
  104  15:12  Baneling x5  
  104  15:37  Zergling x6  
  107  15:43  Zergling x8  
  107  15:44  Zergling x10  
  84  16:16  Baneling x3  
  84  16:17  Baneling x6  
  73  16:29  Corruptor x3  
  73  16:31  Corruptor x3  
  73  16:32  Corruptor x2  
  83  16:46  Drone x3  
  85  16:51  Zergling x2  
  85  16:54  Zergling x4  
  88  16:56  Zerg Missile Weapons Level 3  
  88  16:58  Zerg Flyer Armor Level 2, Zerg Flyer Weapons Level 2  
  66  17:24  Drone x5  
  70  17:34  Zergling x2  
  71  17:38  Baneling x3  
  71  17:39  Baneling x3  
  71  17:45  Zergling x6  
  71  17:49  Zergling x6  
  77  18:02  Extractor x2  
  77  18:04  Baneling x2  
  75  18:06  Zergling x10  
  75  18:11  Baneling x5  
  75  18:12  Baneling x7  
  80  18:14  Zergling x2  
  80  18:15  Zergling x2  
  80  18:18  Zergling x6  
  80  18:19  Zergling x4  
  87  18:23  Zergling x2  
  88  18:31  Evolution Chamber  
  85  18:35  Evolution Chamber  
  85  18:37  Baneling  
  85  18:38  Baneling x3  
  85  18:39  Baneling x2  
  85  18:40  Baneling x5  
  78  18:42  Baneling x3  
  75  19:06  Hatchery  
  72  19:25  Hatchery  
  58  20:46  Drone x3  
  58  20:49  Drone x2  
  63  20:50  Queen  
  63  20:52  Queen  
  67  21:00  Drone  
  68  21:18  Extractor  
  67  21:28  Extractor  
  66  21:38  Zergling x4  
  66  21:39  Zergling x6  
  71  21:41  Zergling x6  
  71  21:42  Zergling x8  
  71  21:44  Zerg Melee Weapons Level 2  
  71  21:45  Zerg Ground Armor Level 2  
  78  21:47  Adrenal Glands  
  78  21:59  Drone x3  
  81  22:01  Drone x3  
  84  22:14  Zergling x2  
  60  22:59  Hydralisk x2  
  60  23:00  Hydralisk x3  
  60  23:03  Hydralisk  
  60  23:04  Hydralisk x4  
  76  23:09  Hydralisk  
  76  23:10  Hydralisk x4  
  86  23:18  Hydralisk x4  
  86  23:19  Hydralisk x2  
  98  23:20  Hydralisk  
  98  23:23  Hydralisk x2  
  103  23:27  Hydralisk x2  
  51  24:09  Hydralisk x5  
  49  24:14  Zergling x10  
  48  24:25  Zergling x8  
  48  24:28  Zergling x8  
Show
View Real Time Build Order
Export as new Build Order

Cthulhu Terran 

Build Orders: 2 Factory, Mech 

Get SALT Encoding   

  12  0:01  SCV  
  13  0:13  SCV  
  14  0:22  Supply Depot  
  14  0:25  SCV  
  15  0:44  SCV, Barracks  
  16  0:50  Refinery  
  16  0:56  SCV  
  17  1:11  SCV  
  19  1:32  Supply Depot, Orbital Command  
  18  1:50  Command Center  
  18  1:58  Marine, SCV  
  20  2:15  Factory  
  20  2:34  Marine, SCV  
  22  2:40  Refinery  
  22  2:49  Factory  
  22  2:50  SCV  
  23  2:58  Marine  
  23  3:02  SCV, Widow Mine  
  23  3:04  Orbital Command  
  27  3:23  Hellion  
  29  3:37  SCV x2  
  29  3:38  Hellion  
  33  3:41  Marine  
  34  3:49  SCV  
  34  3:50  Factory  
  34  3:52  Factory Tech Lab  
  35  4:00  SCV  
  35  4:01  SCV  
  35  4:02  Marine  
  38  4:04  Hellion  
  40  4:25  Siege Tank  
  40  4:30  Armory  
  43  4:31  Supply Depot  
  43  4:33  Widow Mine  
  43  4:38  SCV  
  46  4:41  Supply Depot  
  46  4:46  Refinery  
  46  4:49  Refinery  
  46  4:53  SCV  
  46  4:55  Supply Depot  
  46  4:56  SCV  
  44  5:18  SCV x2  
  44  5:19  Siege Tank, Factory Tech Lab  
  51  5:21  Widow Mine  
  51  5:26  Marine  
  52  5:31  Terran Vehicle Weapons Level 1  
  52  5:33  Armory  
  52  5:36  Supply Depot  
  52  5:48  Supply Depot  
  51  6:13  Supply Depot  
  51  6:16  SCV  
  51  6:17  SCV, Siege Tank  
  56  6:24  Terran Vehicle And Ship Armor Level 1  
  56  6:31  SCV x2, Command Center  
  58  6:38  Supply Depot  
  58  6:50  Marine, SCV x2  
  58  6:52  Widow Mine  
  63  7:03  Engineering Bay  
  63  7:20  Supply Depot  
  63  7:22  Barracks Tech Lab  
  63  7:23  Siege Tank  
  63  7:24  Siege Tank  
  63  7:25  SCV x2, Hellion  
  73  7:30  Factory  
  73  7:36  Terran Vehicle Weapons Level 2  
  73  7:37  SCV x2  
  75  7:44  Missile Turret  
  75  7:45  Missile Turret  
  75  7:46  Missile Turret  
  75  7:49  Missile Turret  
  75  7:51  Missile Turret  
  75  7:52  Missile Turret  
  75  7:58  Missile Turret  
  75  8:03  Orbital Command  
  75  8:10  Missile Turret  
  75  8:13  Missile Turret  
  75  8:15  Marine  
  75  8:16  SCV x2  
  78  8:33  Marine  
  79  8:51  SCV x3  
  82  9:04  Factory Tech Lab  
  82  9:05  Factory Tech Lab  
  82  9:06  Siege Tank x2  
  82  9:08  Terran Vehicle And Ship Armor Level 2  
  89  9:10  SCV x3  
  91  9:21  Starport  
  91  9:23  Marine, Combat Shield  
  92  9:34  SCV  
  93  9:41  Refinery x2  
  93  9:49  Sensor Tower  
  93  9:51  Missile Turret  
  93  10:03  Medivac  
  93  10:04  Siege Tank  
  93  10:06  Sensor Tower  
  98  10:08  Terran Vehicle Weapons Level 3  
  98  10:25  Missile Turret  
  98  10:41  Siege Tank x2  
  98  10:42  Siege Tank x2  
  110  10:44  Starport Reactor  
  110  10:46  Terran Infantry Armor Level 1  
  110  11:04  Stimpack  
  97  11:18  Hellion x4  
  105  11:27  SCV x2  
  105  11:28  SCV  
  108  11:39  SCV, Hellion  
  112  11:40  SCV  
  109  12:16  SCV x3  
  112  12:29  Thor, Siege Tank x2  
  124  12:36  Thor, Viking, Medivac  
  134  12:47  Terran Vehicle And Ship Armor Level 3  
  134  13:00  Command Center  
  66  14:09  Thor x3  
  79  14:15  Viking x2  
  83  14:22  Marine  
  84  14:28  SCV  
  84  14:29  SCV x2, Orbital Command  
  87  14:38  Terran Infantry Armor Level 2  
  87  14:39  Command Center  
  87  14:40  Marine  
  87  14:45  Viking x2  
  89  14:53  Hellion x4  
  89  14:57  Marine  
  97  15:07  Command Center  
  95  15:15  Viking x2  
  95  15:18  Sensor Tower  
  98  15:24  Thor x2  
  98  15:25  Thor  
  112  15:51  Thor  
  111  16:07  Thor  
  105  16:24  SCV  
  105  16:25  Thor, SCV, Siege Tank  
  107  16:41  Viking  
  107  16:46  Orbital Command  
  109  16:54  Orbital Command  
  109  17:01  Marine  
  109  17:02  Siege Tank  
  113  17:12  Viking x2  
  117  17:19  Marine  
  118  17:25  Sensor Tower, Missile Turret  
  118  17:27  Missile Turret  
  114  17:51  Hellion x4  
  122  17:52  Viking x2  
  122  17:57  Starport x2  
  126  18:02  SCV  
  126  18:03  SCV  
  128  18:06  SCV  
  129  18:14  SCV  
  129  18:15  SCV  
  129  18:18  SCV  
  132  18:20  Missile Turret  
  132  18:21  Missile Turret  
  132  18:27  SCV  
  133  18:41  SCV x3  
  135  18:42  SCV x2  
  135  18:43  Thor, Siege Tank x3  
  153  18:55  Refinery  
  151  18:57  Refinery x3  
  151  18:59  Refinery x2  
  151  19:09  Supply Depot  
  151  19:13  Supply Depot  
  143  20:48  Viking x4  
  145  21:16  Missile Turret  
  145  21:18  Viking, Missile Turret  
  147  21:20  Sensor Tower, Missile Turret  
  147  21:22  Missile Turret  
  147  21:24  Missile Turret  
  111  22:22  Thor x2, Siege Tank x2  
  110  22:23  Viking x3  
  110  22:24  Viking  
  93  22:53  Viking  
  93  22:54  Thor, Siege Tank  
  93  22:55  Factory  
  93  22:56  Factory  
  94  23:13  Thor x2  
  94  23:19  Viking x3  
  112  23:22  Marine  
  113  23:40  Marine  
  96  23:58  Marine  
  66  24:11  SCV  
  66  24:12  SCV  
  58  24:18  Hellion  
  53  24:35  Missile Turret  
  53  24:37  Missile Turret x2  
  50  24:39  Missile Turret  
  50  24:40  Viking  
  50  24:42  Missile Turret  
  50  24:44  Hellion x3  
Show
View Real Time Build Order
Export as new Build Order

ToastmasteR Terran - Winner!

Build Orders: 2 Factory 

Get SALT Encoding   

  12  0:15  Supply Depot  
  12  0:25  Refinery  
  12  0:42  Barracks  
  12  0:50  SCV  
  13  1:02  SCV  
  14  1:29  Orbital Command  
  14  1:45  Command Center  
  14  1:50  Barracks Reactor  
  14  2:14  Factory  
  14  2:21  Supply Depot  
  14  2:33  SCV  
  15  2:58  Factory  
  15  3:04  Barracks Tech Lab  
  15  3:06  Hellion x2  
  19  3:14  Refinery  
  19  3:25  SCV  
  20  3:30  Engineering Bay  
  20  3:37  SCV  
  20  3:39  Hellion x2  
  25  4:00  Hellion  
  25  4:02  Hellion  
  31  4:09  Starport  
  29  4:11  Barracks Tech Lab  
  29  4:22  Missile Turret  
  29  4:23  Missile Turret  
  29  4:33  Orbital Command  
  29  4:44  SCV  
  30  5:11  Siege Tank  
  30  5:12  Siege Tank  
  36  5:26  Viking x2  
  40  5:37  Missile Turret  
  40  5:39  Missile Turret  
  40  5:58  Siege Tank  
  40  5:59  Viking  
  45  6:08  SCV  
  46  6:11  Refinery  
  46  6:13  Refinery  
  46  6:24  Supply Depot  
  46  6:29  Supply Depot  
  46  6:46  SCV, Viking x2  
  51  6:49  Siege Tank  
  54  6:57  SCV  
  54  6:58  SCV  
  56  7:10  Siege Tank  
  59  7:24  Supply Depot  
  59  7:25  Siege Tank  
  62  7:30  Supply Depot  
  62  7:38  SCV x2  
  64  7:55  Viking  
  66  8:35  Siege Tank  
  66  8:36  Siege Tank  
  70  8:44  Command Center  
  60  8:55  Viking  
  62  9:10  Starport  
  62  9:18  Barracks Reactor  
  62  9:19  Viking  
  62  9:24  SCV  
  65  9:44  Viking  
  67  9:52  Siege Tank  
  70  9:53  SCV  
  70  9:54  SCV  
  70  9:59  SCV  
  73  10:40  Siege Tank  
  73  10:41  Siege Tank  
  73  10:42  Viking x2  
  83  10:54  Planetary Fortress  
  83  11:00  Missile Turret  
  83  11:01  Missile Turret  
  83  11:18  Viking x2  
  83  11:19  Missile Turret  
  82  12:07  SCV x3  
  79  12:08  Siege Tank  
  79  12:09  Viking, Siege Tank  
  79  12:10  Viking  
  89  12:26  SCV  
  90  12:35  SCV  
  91  12:40  Siege Tank  
  94  12:45  Siege Tank  
  97  13:12  Siege Tank  
  94  14:10  Siege Tank  
  94  14:11  Siege Tank  
  100  14:19  Viking x3  
  100  14:23  Supply Depot  
  106  14:27  Supply Depot  
  106  14:28  Supply Depot  
  106  14:29  Supply Depot  
  106  14:30  Viking  
  108  14:32  Factory  
  108  14:42  Siege Tank  
  109  14:49  Viking  
  111  15:01  Siege Tank  
  111  15:02  Viking x2  
  111  15:03  Viking  
  120  15:15  Siege Tank  
  123  15:33  Siege Tank  
  112  15:48  Viking, Siege Tank  
  117  16:03  Viking x2  
  109  16:05  Siege Tank  
  72  16:20  Siege Tank  
  71  16:39  Viking  
  73  16:40  Viking x2  
  77  16:56  Viking  
  79  17:14  Viking  
  81  17:16  Orbital Command  
  81  17:33  Viking  
  83  17:47  Viking x3  
  89  17:52  SCV x2  
  91  18:07  Refinery  
  91  18:10  Refinery  
  91  18:26  Viking x2  
  91  18:27  Viking  
  97  18:33  SCV x3  
  100  18:39  Siege Tank  
  103  18:45  SCV  
  104  19:15  Viking x3  
  104  19:16  Siege Tank  
  116  19:17  Siege Tank  
  116  19:31  Barracks Reactor  
  116  19:34  Starport  
  116  19:53  Viking x3  
  120  20:08  SCV  
  120  20:09  SCV x2  
  120  20:12  Viking  
  125  20:20  SCV  
  126  20:23  Viking x2  
  130  20:29  Viking  
  132  20:45  Viking  
  134  20:51  Refinery x2  
  134  20:53  Viking  
  136  21:10  Viking  
  136  21:11  Viking  
  140  21:29  Viking x2  
  144  21:44  Supply Depot x2, Siege Tank  
  144  21:46  Supply Depot x2  
  147  21:47  Supply Depot  
  147  22:05  Siege Tank  
  150  22:10  Factory Reactor  
  114  23:06  Siege Tank x2  
  114  23:09  Viking x3  
  126  23:26  Viking  
  128  23:38  Cyclone x2  
  128  23:39  Viking  
  109  24:10  Siege Tank, Cyclone  
  109  24:14  Viking x2  
  109  24:15  Viking x2  
  109  24:30  Factory Tech Lab  
  109  24:42  Siege Tank x2  
Show
View Real Time Build Order
Export as new Build Order

BroodComdr Zerg - Winner!

Build Orders: Hatch First, Brood Lord Corruptor 

Get SALT Encoding   

  12  0:01  Drone  
  13  0:12  Overlord  
  13  0:18  Drone  
  14  0:30  Drone x2  
  14  0:34  Drone  
  17  0:56  Drone  
  18  0:57  Hatchery  
  18  1:00  Drone  
  18  1:09  Extractor  
  17  1:16  Spawning Pool  
  16  1:19  Drone  
  16  1:23  Drone  
  18  1:28  Drone  
  19  1:39  Overlord  
  19  1:49  Drone  
  20  2:03  Queen  
  22  2:09  Queen  
  22  2:10  Zergling x4  
  22  2:12  Metabolic Boost  
  27  2:15  Zergling x2  
  27  2:23  Drone  
  27  2:28  Zergling x2  
  29  2:39  Drone x2  
  29  2:44  Drone  
  32  2:52  Hatchery  
  32  2:55  Drone  
  32  3:00  Overlord  
  32  3:04  Drone  
  33  3:07  Drone  
  34  3:14  Queen  
  34  3:19  Overlord  
  36  3:23  Drone  
  36  3:25  Drone  
  38  3:27  Drone  
  39  3:36  Drone  
  39  3:37  Drone x2  
  41  3:46  Drone x2  
  41  3:47  Drone  
  41  3:48  Drone  
  45  3:49  Drone  
  46  4:00  Overlord  
  46  4:01  Drone  
  47  4:09  Queen  
  47  4:11  Zergling x10  
  47  4:12  Zergling x2  
  47  4:13  Zergling x2  
  56  4:22  Zergling x6  
  59  4:26  Overlord  
  59  4:36  Drone x2  
  59  4:37  Lair  
  61  4:51  Drone  
  61  4:52  Drone x4  
  66  4:53  Drone x5  
  71  5:02  Zergling x4  
  71  5:03  Zergling x2  
  73  5:08  Drone  
  64  5:14  Extractor  
  64  5:17  Extractor  
  62  5:26  Drone x2  
  62  5:27  Drone x4  
  62  5:28  Drone x3  
  71  5:34  Extractor  
  69  5:45  Extractor  
  69  5:49  Extractor, Hatchery  
  66  6:02  Spire  
  65  6:06  Evolution Chamber  
  65  6:07  Evolution Chamber  
  63  6:12  Drone  
  63  6:13  Drone x5  
  63  6:15  Baneling Nest  
  68  6:23  Queen  
  70  6:29  Zergling x2  
  70  6:30  Zergling x6, Overlord  
  70  6:31  Overlord x3  
  74  6:33  Zerg Missile Weapons Level 1  
  74  6:34  Zerg Ground Armor Level 1  
  74  7:04  Zergling x2  
  74  7:05  Zergling x20  
  74  7:06  Centrifical Hooks  
  85  7:22  Zergling x2  
  86  7:41  Infestation Pit  
  85  7:51  Zergling x2  
  85  7:52  Zergling x40  
  85  7:53  Zergling x6  
  85  7:57  Zerg Flyer Weapons Level 1  
  109  8:01  Hatchery  
  108  8:11  Pneumatized Carapace  
  104  8:53  Hive  
  104  8:57  Infestor, Pathogen Glands  
  104  8:58  Infestor  
  108  9:04  Baneling x5  
  108  9:05  Baneling x6  
  108  9:06  Baneling x2  
  86  9:34  Zergling x4, Corruptor  
  86  9:35  Zergling x14, Corruptor x6  
  86  9:36  Corruptor  
  101  9:40  Zergling x2  
  101  9:41  Zergling x22  
  101  9:42  Zergling x2  
  101  9:43  Overlord x4  
  101  9:44  Overlord  
  111  10:00  Overlord  
  111  10:01  Queen, Overlord x4  
  111  10:04  Infestor x2  
  114  10:29  Greater Spire  
  114  10:37  Burrow  
  102  11:20  Viper  
  105  11:25  Zergling x2  
  105  11:26  Zergling x36  
  105  11:27  Zergling x2  
  105  11:28  Baneling  
  105  11:29  Baneling x17  
  105  11:30  Baneling x6  
  120  12:04  Zergling x2  
  121  12:19  Brood Lord x5  
  131  12:29  Drone x5  
  137  12:30  Drone x2  
  137  12:34  Zergling x2  
  137  12:35  Zergling x8  
  137  12:37  Hatchery  
  144  12:44  Brood Lord x2  
  91  13:49  Corruptor x3  
  91  13:50  Corruptor x3  
  103  14:04  Zergling x20  
  113  14:11  Overseer x3  
  113  14:18  Queen  
  115  14:38  Brood Lord x3  
  119  14:39  Brood Lord  
  119  14:41  Brood Lord  
  121  14:58  Zergling x22  
  121  14:59  Zergling x26  
  145  15:01  Adrenal Glands  
  145  15:28  Zergling x16  
  151  15:49  Corruptor  
  148  15:50  Corruptor x5  
  148  15:52  Overlord  
  152  16:26  Corruptor  
  152  16:27  Corruptor x2  
  158  16:39  Corruptor x3  
  164  17:04  Corruptor  
  164  17:05  Corruptor  
  164  17:07  Drone x3  
  164  17:08  Drone x6  
  165  17:42  Corruptor x3  
  165  18:02  Corruptor  
  165  18:03  Corruptor x3  
  173  18:19  Extractor x2  
  159  19:15  Brood Lord x4  
  159  19:16  Corruptor x2  
  142  20:50  Corruptor x5  
  142  20:51  Corruptor x3  
  158  21:07  Corruptor x2  
  159  21:59  Corruptor  
  159  22:00  Corruptor x2  
  148  22:24  Zergling x6  
  148  22:25  Zergling x42  
  138  22:46  Brood Lord x2  
  140  23:16  Drone x3  
  140  23:17  Drone x3  
  138  23:50  Hatchery  
  97  24:10  Swarm Host  
  97  24:11  Drone x5  
  105  24:24  Zergling x18  
  106  24:25  Zergling x10  
Tags
 
Add a new tag
Caveats
  • Supply blocks, unpowered buildings, or Contaminate may cause inaccurate times.
  • Supply counts are checked every 10 seconds.